[Event "Titled Tuesday Blitz August 31 2021"]
[White "Shkapenko, Pavel"]
[Black "Bortnyk, Olexandr"]
[WhiteFideId "4151933"]
[BlackFideId "14120828"]
[WhiteElo "2386"]
[BlackElo "2723"]
[Result "0-1"]
[Round "07"]
[TimeControl "180+1"]
[Date "2021.08.31"]
[WhiteClock "0:00:35"]
[BlackClock "0:00:14"]

1. e4 Nf6 2. e5 Nd5 3. c4 Nb6 4. c5 Nd5 5. Bc4 e6 6. d4 d6 7. cxd6 cxd6 8. Nf3 Nc6 9. O-O Be7 10. Bd2 O-O 11. Nc3 Nxc3 12. Bxc3 Bd7 13. d5 exd5 14. Bxd5 Bg4 15. exd6 Qxd6 16. Bxc6 Qxd1 17. Rfxd1 bxc6 18. Re1 Bxf3 19. Rxe7 Bd5 20. a3 Rfe8 21. Rae1 Rxe7 22. Rxe7 h6 23. f3 a5 24. b4 axb4 25. Bxb4 Rc8 26. Bc5 Rb8 27. Bb4 Kh7 28. Kf2 Kg6 29. Rd7 h5 30. h4 Kf5 31. Ke3 Kf6 32. Kf4 Kg6 33. g4 Re8 34. Rd6+ f6 35. Rd7 hxg4 36. Kxg4 Be6+ 0-1


[Site "https://www.chess.com"]

[Event "Titled Tuesday Blitz August 31 2021"]
[White "Srihari L R"]
[Black "Begunov, Konstantin"]
[WhiteFideId "46617116"]
[BlackFideId "4118510"]
[WhiteElo "2121"]
[BlackElo "2262"]
[Result "1-0"]
[Round "07"]
[TimeControl "180+1"]
[Date "2021.08.31"]
[WhiteClock "0:00:07"]
[BlackClock "0:00:10"]

1. Nf3 d5 2. c4 c6 3. b3 Nf6 4. Bb2 Bg4 5. e3 e6 6. Be2 Nbd7 7. O-O Be7 8. h3 Bh5 9. Nc3 O-O 10. d4 a6 11. Rc1 Re8 12. Qc2 Qa5 13. Rfd1 Ba3 14. Bxa3 Qxa3 15. Ne5 Bxe2 16. Qxe2 Red8 17. f4 Rac8 18. c5 Ne4 19. Nxe4 dxe4 20. Nc4 Qb4 21. Qb2 Nf6 22. a3 Qb5 23. Nd6 Rxd6 24. cxd6 Qd5 25. Rc5 Qxd6 26. b4 Nd5 27. Qb3 Rf8 28. Re1 f5 29. a4 Rf7 30. b5 axb5 31. axb5 g5 32. bxc6 bxc6 33. fxg5 f4 34. exf4 Qxf4 35. Rc2 e3 36. Rce2 Qxd4 37. Qb8+ Kg7 38. Qe8 Nf4 39. Rxe3 Nd5 40. Qd8 Qc5 41. g6 hxg6 42. Qg5 Rf5 43. Qg3 e5 44. Kh2 Nxe3 45. Rxe3 Qd4 46. Rd3 Qf4 47. Rc3 Rf6 48. Qxf4 exf4 49. Kg1 g5 50. Kf2 Kg6 51. Kf3 Rd6 52. Kg4 Kf6 53. Rc5 Rd3 54. Rf5+ Ke6 55. Rxg5 Rg3+ 56. Kxf4 Rxg5 57. Kxg5 Ke5 58. h4 c5 59. h5 c4 60. h6 c3 61. h7 c2 62. h8=Q+ Ke4 63. Qb2 Kd3 64. Qc1 1-0


[Site "https://www.chess.com"]

[Event "Titled Tuesday Blitz August 31 2021"]
[White "Starozhilov, Leonid"]
[Black "Mezentsev, Ivan"]
[WhiteFideId "14106752"]
[BlackFideId "13706195"]
[WhiteElo "2738"]
[BlackElo "2580"]
[Result "0-1"]
[Round "07"]
[TimeControl "180+1"]
[Date "2021.08.31"]
[WhiteClock "0:00:03"]
[BlackClock "0:00:03"]

1. c4 e5 2. Nc3 Nc6 3. Nf3 Nf6 4. g3 Bc5 5. Bg2 d6 6. d3 h6 7. O-O a5 8. e3 O-O 9. b3 Bg4 10. h3 Bh5 11. Bb2 Re8 12. Qc2 Nb4 13. Qd2 Nxd3 14. Qxd3 e4 15. Nxe4 Nxe4 16. Nd4 Bg6 17. Qe2 a4 18. bxa4 Rxa4 19. g4 Qa8 20. Nf5 f6 21. Qd3 b6 22. Bd4 Ra3 23. Qc2 Bxf5 24. gxf5 Kh7 25. Bb2 Ra5 26. a4 Re7 27. Rad1 Qe8 28. Rd5 Rxa4 29. Bf3 Nxf2 30. Kxf2 Rxe3 31. Kg2 Ra2 32. Rd2 Qf7 33. Qd1 Qxc4 34. Bh5 Qh4 35. Bg6+ Kh8 36. Rf3 Rxf3 37. Qxf3 Qg5+ 38. Kh1 Qxd2 39. Qe4 Qd1+ 40. Kg2 Rxb2+ 41. Kg3 Qg1+ 42. Kh4 Qg5# 0-1


[Site "https://www.chess.com"]

[Event "Titled Tuesday Blitz August 31 2021"]
[White "Suarez Uriel, Adrian"]
[Black "Gutenev, Alexander"]
[WhiteFideId "22230874"]
[BlackFideId "4195540"]
[WhiteElo "2503"]
[BlackElo "2672"]
[Result "0-1"]
[Round "07"]
[TimeControl "180+1"]
[Date "2021.08.31"]
[WhiteClock "0:01:47"]
[BlackClock "0:01:53"]

1. e4 c5 2. Ne2 Nc6 3. Nbc3 Nf6 4. d4 cxd4 5. Nxd4 d6 6. Bg5 e6 7. Qd2 a6 8. O-O-O Bd7 9. f4 h6 10. Bxf6 Qxf6 11. Nxc6 Bxc6 12. Qe1 Qxf4+ 13. Kb1 g6 14. g3 Qe5 15. h4 Bg7 16. h5 g5 17. Bd3 b5 18. Rd2 O-O 19. Rf1 b4 20. Nd1 a5 21. Rdf2 a4 22. Qxb4 a3 23. Qc3 Qxc3 24. Nxc3 axb2 25. Nd1 Rxa2 26. c3 Rfa8 27. Rxb2 Ra1+ 28. Kc2 Ba4+ 29. Kd2 Bxd1 30. Rxd1 Bxc3+ 31. Kxc3 Rxd1 32. Kd4 Ra3 0-1


[Site "https://www.chess.com"]

[Event "Titled Tuesday Blitz August 31 2021"]
[White "Svane, Frederik"]
[Black "De Silva, L M S T"]
[WhiteFideId "12923044"]
[BlackFideId "9953698"]
[WhiteElo "2459"]
[BlackElo "1621"]
[Result "1-0"]
[Round "07"]
[TimeControl "180+1"]
[Date "2021.08.31"]
[WhiteClock "0:00:15"]
[BlackClock "0:00:02"]

1. e4 e5 2. Nf3 Nc6 3. Bb5 a6 4. Ba4 Nf6 5. O-O Be7 6. d3 b5 7. Bb3 d6 8. a3 O-O 9. Nc3 h6 10. h3 Bb7 11. Ne2 Nd4 12. Nexd4 exd4 13. Nxd4 c5 14. Nf5 c4 15. dxc4 Bxe4 16. Nxe7+ Qxe7 17. cxb5 axb5 18. Be3 Rad8 19. Bd4 Bg6 20. Re1 Qd7 21. Bxf6 gxf6 22. Qd2 Kg7 23. Qf4 d5 24. Rad1 d4 25. Rd2 Qd6 26. Qxd6 Rxd6 27. c3 d3 28. Bd1 Rfd8 29. Bf3 h5 30. h4 Kh6 31. Kh2 R8d7 32. Re3 Rd8 33. Kg3 Kg7 34. Kf4 Kh6 35. Be4 Bxe4 36. Rxe4 Kg6 37. Ke3 f5 38. Rd4 Re6+ 39. Kxd3 Rde8 40. Kc2 Re1 41. g3 Rb8 42. Kb3 f6 43. Kb4 Re6 44. Rd5 Re4+ 45. R2d4 Re2 46. Rd2 Re4+ 47. Kb3 f4 48. R5d4 Rbe8 49. Rxe4 Rxe4 50. Rd4 Kf5 51. Rxe4 Kxe4 52. c4 fxg3 53. fxg3 Kf3 54. cxb5 Kxg3 55. b6 f5 56. b7 f4 57. b8=Q Kg4 58. a4 f3 59. a5 f2 60. Qf8 Kg3 61. a6 Kg2 62. a7 f1=Q 63. Qxf1+ Kg3 64. a8=Q Kh2 65. Qag2# 1-0


[Site "https://www.chess.com"]

[Event "Titled Tuesday Blitz August 31 2021"]
[White "Tanenbaum, Zachary"]
[Black "Przybylski, Wojciech"]
[WhiteFideId "2060850"]
[BlackFideId "1117599"]
[WhiteElo "2165"]
[BlackElo "2250"]
[Result "0-1"]
[Round "07"]
[TimeControl "180+1"]
[Date "2021.08.31"]
[WhiteClock "0:00:22"]
[BlackClock "0:00:09"]

1. e4 c5 2. Nf3 d6 3. d4 cxd4 4. Nxd4 Nf6 5. Nc3 a6 6. Be3 e5 7. Nb3 Be6 8. h3 Be7 9. f4 Qc7 10. Qe2 g6 11. O-O-O Nbd7 12. g4 Rc8 13. f5 Bc4 14. Qd2 Bxb3 15. axb3 Nc5 16. Bxc5 Qxc5 17. g5 Nh5 18. f6 Bd8 19. Qxd6 Qxd6 20. Rxd6 h6 21. h4 Nf4 22. Nd5 hxg5 23. Nxf4 gxf4 24. Bh3 Rb8 25. Bd7+ Kf8 26. Kd2 Bc7 27. Rd5 Rd8 28. Ke2 Kg8 29. Kf3 Kh7 30. h5 gxh5 31. Rxh5+ Kg6 32. Rxh8 Rxh8 33. Bf5+ Kxf6 34. Rd7 Ba5 35. Rxb7 Rh2 36. b4 Bd8 37. Rb8 Be7 38. Rc8 Bxb4 39. c3 Be7 40. b4 Rc2 41. Rc6+ Kg5 42. Rc8 Kf6 43. Kg4 Rd2 44. Rc6+ Kg7 45. Rxa6 Rg2+ 46. Kf3 Rg3+ 47. Kf2 Rxc3 48. Rb6 Rb3 49. Rb7 Bxb4 50. Be6 Bc5+ 51. Kg2 Rxb7 52. Bd5 Rc7 53. Kf3 Bd4 54. Kg4 Kf6 55. Kf3 Rc8 56. Kg4 Rg8+ 57. Kf3 Rg3+ 58. Ke2 Re3+ 59. Kf1 f3 60. Kg1 Kg5 61. Kh2 Kf4 62. Bxf7 Re2+ 63. Kh1 Bf2 64. Bc4 Rd2 65. Kh2 Bg3+ 66. Kh1 Rd1+ 67. Bf1 Rxf1# 0-1


[Site "https://www.chess.com"]

[Event "Titled Tuesday Blitz August 31 2021"]
[White "Terry, Renato"]
[Black "Borsuk, Konstantin"]
[WhiteFideId "3803457"]
[BlackFideId "14113406"]
[WhiteElo "2889"]
[BlackElo "2617"]
[Result "1-0"]
[Round "07"]
[TimeControl "180+1"]
[Date "2021.08.31"]
[WhiteClock "0:00:09"]
[BlackClock "0:00:04"]

1. d4 Nf6 2. Bg5 e6 3. e4 h6 4. Bxf6 Qxf6 5. c3 d6 6. Bd3 g6 7. Ne2 Bg7 8. O-O c5 9. dxc5 dxc5 10. f4 e5 11. f5 Qg5 12. fxg6 fxg6 13. Na3 Nc6 14. Nb5 Bh3 15. Nd6+ Ke7 16. Ng3 Kxd6 17. Rf7 Be6 18. Bc4+ Nd4 19. Bxe6 Kxe6 20. Rxg7 Kf6 21. Rxb7 Qe3+ 22. Kh1 Ne6 23. Qd7 Rae8 24. Rf1+ Kg5 25. Qd1 Nf4 26. Rf3 Rd8 27. h4+ Kxh4 28. Qxd8+ Rxd8 29. Rxe3 Rd1+ 30. Kh2 g5 31. Nf5+ Kg4 32. Rg3+ Kh5 33. Rh7 1-0


[Site "https://www.chess.com"]

[Event "Titled Tuesday Blitz August 31 2021"]
[White "Thing, Bibek"]
[Black "Sengupta, Deep"]
[WhiteFideId "12303135"]
[BlackFideId "5008352"]
[WhiteElo "2000"]
[BlackElo "2347"]
[Result "0-1"]
[Round "07"]
[TimeControl "180+1"]
[Date "2021.08.31"]
[WhiteClock "0:00:03"]
[BlackClock "0:00:05"]

1. e4 b6 2. d4 Bb7 3. Nc3 e6 4. g3 Bb4 5. Bg2 Nf6 6. f3 d5 7. e5 Nfd7 8. Ne2 c5 9. a3 Ba5 10. O-O Nc6 11. f4 Ba6 12. f5 O-O 13. fxe6 fxe6 14. Rxf8+ Nxf8 15. Be3 Bxc3 16. Nxc3 Rc8 17. dxc5 Nxe5 18. cxb6 axb6 19. Bd4 Nc6 20. Qg4 Nxd4 21. Qxd4 Qc7 22. Re1 Qc5 23. Qf2 Qxf2+ 24. Kxf2 d4 25. Nd1 Rxc2+ 26. Kg1 d3 27. Be4 d2 28. Re3 Rc1 29. Bf3 Bc4 30. Kf2 Ng6 31. Rc3 Rxc3 32. Nxc3 Ne5 33. Bd1 Nd3+ 34. Ke3 Nxb2 35. Kxd2 Bd5 36. Be2 Nc4+ 37. Bxc4 Bxc4 38. Ke3 e5 39. Ke4 Kf7 40. Kxe5 Kg6 41. Nd5 b5 42. Nf4+ Kg5 43. Ne6+ Kh6 44. Nc7 Kh5 45. Kd4 Kg4 46. Kc5 Kh3 47. Nxb5 Bf1 48. a4 Kxh2 49. a5 Kxg3 50. a6 Bg2 51. Nc3 Ba8 52. Nb5 h5 53. Nc7 Be4 54. Nd5 h4 55. a7 h3 56. a8=Q h2 57. Qa2 h1=Q 58. Qb3+ Kh4 59. Ne7 Qg1+ 60. Kd6 Qg3+ 61. Ke6 Qxb3+ 0-1


[Site "https://www.chess.com"]

[Event "Titled Tuesday Blitz August 31 2021"]
[White "Timofeev, Artyom"]
[Black "Dobrov, Vladimir"]
[WhiteFideId "4140419"]
[BlackFideId "4136594"]
[WhiteElo "2582"]
[BlackElo "2614"]
[Result "0-1"]
[Round "07"]
[TimeControl "180+1"]
[Date "2021.08.31"]
[WhiteClock "0:00:41"]
[BlackClock "0:00:05"]

1. c4 c6 2. b3 d5 3. Bb2 Nf6 4. Nf3 Bg4 5. e3 Nbd7 6. h3 Bxf3 7. Qxf3 e6 8. g4 a5 9. Nc3 h6 10. cxd5 exd5 11. Be2 Bd6 12. h4 Qe7 13. g5 Ne4 14. gxh6 Rxh6 15. h5 Rf6 16. Nxe4 Rxf3 17. Nxd6+ Qxd6 18. Bxf3 Ne5 19. Be2 f6 20. h6 gxh6 21. Rxh6 O-O-O 22. f4 Nd7 23. Bg4 Kb8 24. Bxd7 Qxd7 25. Bxf6 Rg8 26. O-O-O a4 27. bxa4 d4 28. Bxd4 Qd5 29. Kb2 Ka8 30. a5 Qxa5 31. Rh8 Qb4+ 32. Ka1 Rxh8 33. Bxh8 Qa4 34. Rg1 Qc2 35. Bc3 Ka7 36. Rf1 Qf5 37. Re1 c5 38. e4 Qxf4 39. e5 Qf2 40. Re3 Qf1+ 41. Kb2 Qb5+ 42. Kc1 Qf1+ 43. Kb2 Qb5+ 44. Kc2 Qa4+ 45. Kc1 Qxa2 46. e6 Qa3+ 47. Kd1 Qa4+ 48. Ke1 Qe8 49. e7 b5 50. Bf6 b4 51. Rd3 Qf7 52. Rd8 Qe6+ 53. Kd1 Qb3+ 54. Kc1 Qc4+ 55. Kb2 b3 56. Ra8+ Kb7 57. Bc3 Qe4 58. Rb8+ Kxb8 0-1


[Site "https://www.chess.com"]

[Event "Titled Tuesday Blitz August 31 2021"]
[White "Tsaruk, Maksim"]
[Black "Ovchinnikov, Vsevolod"]
[WhiteFideId "13511173"]
[BlackFideId "24176842"]
[WhiteElo "2680"]
[BlackElo "2518"]
[Result "0-1"]
[Round "07"]
[TimeControl "180+1"]
[Date "2021.08.31"]
[WhiteClock "0:00:09"]
[BlackClock "0:00:18"]

1. Nf3 Nf6 2. g3 g6 3. Bg2 Bg7 4. d3 d5 5. Nbd2 O-O 6. O-O c5 7. e4 Nc6 8. c3 dxe4 9. dxe4 b6 10. Re1 Ba6 11. Qa4 Qc8 12. e5 Nd5 13. Qh4 Rd8 14. Ne4 h5 15. e6 Qxe6 16. Bh3 f5 17. Nxc5 Qc8 18. Nxa6 Qxa6 19. Re6 Rd6 20. Rxd6 exd6 21. Bf1 Qb7 22. Bc4 Na5 23. Bg5 Nxc4 24. Qxc4 Rc8 25. Qd3 Nc7 26. Nh4 Ne6 27. Bd2 Qf7 28. Re1 Bf8 29. Qd5 Nc5 30. Qxf7+ Kxf7 31. Nf3 Ne4 32. Ng5+ Nxg5 33. Bxg5 Re8 34. Rxe8 Kxe8 35. Kf1 Kd7 36. Ke2 d5 37. Kd3 Bg7 38. h4 b5 39. Be3 a6 40. Bd4 Bf8 41. b3 Ke6 42. Ke3 Bh6+ 43. Kd3 Bf8 44. Be3 Bg7 45. Bd4 Bh6 46. c4 dxc4+ 47. bxc4 Kd6 48. cxb5 axb5 49. Kc3 Kd5 50. Bb6 Bf8 51. Kb3 Ke4 52. Be3 Bd6 53. Kc3 Be7 54. Bb6 Bd6 55. Kb3 f4 56. gxf4 Kxf4 57. Be3+ Kg4 58. Bg5 Bc5 59. f4 Bf2 60. Kc3 Bxh4 61. Bh6 Bg3 62. Kb4 h4 63. Kxb5 h3 64. a4 h2 65. a5 h1=Q 66. Bf8 Qb7+ 67. Kc4 Bxf4 68. Bc5 Qa6+ 69. Kb4 Bd2+ 70. Kb3 Qxa5 71. Bd4 Qb5+ 72. Kc2 Bf4 73. Kd1 Qd3+ 74. Ke1 Qd2+ 75. Kf1 Kf3 76. Bb6 Qd1# 0-1


[Site "https://www.chess.com"]

[Event "Titled Tuesday Blitz August 31 2021"]
[White "Ulko, Jaroslav"]
[Black "Espinosa, Pedro"]
[WhiteFideId "4116658"]
[BlackFideId "30921066"]
[WhiteElo "2304"]
[BlackElo "1673"]
[Result "1-0"]
[Round "07"]
[TimeControl "180+1"]
[Date "2021.08.31"]
[WhiteClock "0:01:31"]
[BlackClock "0:00:37"]

1. d4 d5 2. c4 c6 3. Nf3 Nf6 4. Nc3 e6 5. Bg5 Nbd7 6. e3 Qa5 7. cxd5 exd5 8. Bd3 Bd6 9. Qc2 h6 10. Bh4 O-O 11. O-O Re8 12. a3 a6 13. Rfc1 g5 14. Bg3 Bxg3 15. hxg3 Nf8 16. Ne5 Be6 17. f4 N6d7 18. Rf1 Nxe5 19. fxe5 Kg7 20. Rf6 Nd7 21. Rf2 c5 22. Raf1 Qb6 23. Bf5 Re7 24. Bxe6 Qxe6 25. Rf6 Nxf6 26. exf6+ Kg8 27. fxe7 Qxe3+ 28. Kh2 Qxd4 29. Qf5 Qg7 30. Nxd5 1-0


[Site "https://www.chess.com"]

[Event "Titled Tuesday Blitz August 31 2021"]
[White "Urazayev, Arystanbek"]
[Black "Firat, Burak"]
[WhiteFideId "13709810"]
[BlackFideId "6305881"]
[WhiteElo "2767"]
[BlackElo "2587"]
[Result "0-1"]
[Round "07"]
[TimeControl "180+1"]
[Date "2021.08.31"]
[WhiteClock "0:00:01"]
[BlackClock "0:00:18"]

1. c4 e5 2. Nf3 Nc6 3. Nc3 Nf6 4. e3 g6 5. d4 d6 6. Be2 Bg7 7. O-O O-O 8. b3 Re8 9. Bb2 exd4 10. Nxd4 Nxd4 11. Qxd4 Ne4 12. Qxg7+ Kxg7 13. Nxe4+ Kf8 14. Nf6 Re6 15. Nd5 c6 16. Nf4 Re8 17. Rfd1 Qe7 18. Rd2 Be6 19. Rad1 Rad8 20. Ba3 c5 21. Bb2 Kg8 22. Bf3 a6 23. g3 b5 24. Nd5 Bxd5 25. Bxd5 Rb8 26. h4 h5 27. Bc3 b4 28. Bb2 a5 29. e4 Kh7 30. f4 a4 31. f5 axb3 32. Rf2 bxa2 33. fxg6+ fxg6 34. e5 Rf8 35. Rdf1 Rxf2 36. Rxf2 Rf8 37. Re2 Qxe5 38. Bxe5 dxe5 39. Rxa2 g5 40. Ra5 gxh4 41. gxh4 Rf4 42. Rxc5 Rxh4 43. Rb5 Kg6 44. Rxb4 Kf5 45. Kf2 Rd4 46. Rb8 Rd2+ 47. Ke3 Ra2 48. Rf8+ Kg6 49. Ke4 Re2+ 50. Kd3 Ra2 51. c5 Ra4 52. Bc4 Kg7 53. Rf7+ Kg6 54. Rb7 e4+ 55. Kc3 e3 56. c6 Kf6 57. Rf7+ Ke5 58. Re7+ Kd6 59. Re6+ Kc7 0-1


[Site "https://www.chess.com"]

[Event "Titled Tuesday Blitz August 31 2021"]
[White "Urjubdshzirov, Erdni"]
[Black "Mortazavi, Ali"]
[WhiteFideId "4186451"]
[BlackFideId "401323"]
[WhiteElo "2421"]
[BlackElo "2339"]
[Result "0-1"]
[Round "07"]
[TimeControl "180+1"]
[Date "2021.08.31"]
[WhiteClock "0:00:31"]
[BlackClock "0:01:35"]

1. e4 c6 2. Nc3 d5 3. d4 dxe4 4. Nxe4 Nf6 5. Nxf6+ exf6 6. c3 Bd6 7. Bd3 O-O 8. Qc2 Re8+ 9. Ne2 h5 10. Be3 Nd7 11. O-O-O Nf8 12. Nf4 Bxf4 13. Bxf4 Qd5 14. f3 Qxa2 15. Rde1 Be6 16. Kd2 c5 17. dxc5 Rad8 18. Bd6 b6 19. b4 Qd5 20. c4 Qg5+ 21. Kc3 a5 22. bxa5 bxc5 23. h4 Qh6 24. Bxc5 f5 25. Bxf8 Rxf8 26. Re5 Qf4 27. Qe2 Rxd3+ 28. Qxd3 Qxe5+ 0-1


[Site "https://www.chess.com"]

[Event "Titled Tuesday Blitz August 31 2021"]
[White "Vachier-Lagrave, Maxime"]
[Black "Wagner, Dennis"]
[WhiteFideId "623539"]
[BlackFideId "24650684"]
[WhiteElo "2850"]
[BlackElo "2355"]
[Result "1-0"]
[Round "07"]
[TimeControl "180+1"]
[Date "2021.08.31"]
[WhiteClock "0:02:07"]
[BlackClock "0:00:18"]

1. g3 g6 2. Nf3 Bg7 3. d4 d5 4. c4 c6 5. Bg2 Nf6 6. Ne5 O-O 7. cxd5 cxd5 8. Nc3 Bf5 9. O-O Ne4 10. Qb3 Nc6 11. Nxc6 bxc6 12. Be3 Rb8 13. Qa3 Qd6 14. Qxd6 exd6 15. Nxe4 dxe4 16. b3 Rfc8 17. Rac1 Kf8 18. Rc2 Ke7 19. Rfc1 Kd7 20. g4 Bxg4 21. Bxe4 d5 22. Bd3 Rb4 23. Ba6 Ra8 24. Rxc6 Bxd4 25. Bd2 Rb6 26. Bc8+ Rxc8 27. Rxc8 Bxe2 28. R1c7+ Kd6 29. Bf4+ Ke6 30. Re8+ Kf5 31. Rxf7+ Bf6 32. Be5 Bf3 33. Rxf6+ Rxf6 34. Bxf6 Kxf6 35. Rf8+ Ke5 36. Rxf3 Ke4 37. Re3+ Kd4 38. Kf1 1-0


[Site "https://www.chess.com"]

[Event "Titled Tuesday Blitz August 31 2021"]
[White "Viani Antonio Dcunha"]
[Black "Guliev, Logman"]
[WhiteFideId "5027330"]
[BlackFideId "13400061"]
[WhiteElo "2366"]
[BlackElo "2128"]
[Result "1-0"]
[Round "07"]
[TimeControl "180+1"]
[Date "2021.08.31"]
[WhiteClock "0:00:13"]
[BlackClock "0:00:02"]

1. d4 Nf6 2. c4 e6 3. Nc3 Bb4 4. Nf3 O-O 5. Qc2 d5 6. e3 Ne4 7. Bd3 f5 8. O-O Bxc3 9. bxc3 c6 10. Ne5 Nd7 11. Nxd7 Bxd7 12. f3 Nd6 13. c5 Nf7 14. e4 fxe4 15. fxe4 Qh4 16. Be3 Ng5 17. exd5 exd5 18. Bxg5 Qxg5 19. Bxh7+ Kh8 20. Qd3 Rae8 21. Bg6 Rd8 22. Rae1 Rf4 23. Rxf4 Qxf4 24. Qe3 Qf6 25. Qe7 Bg4 26. h3 Bc8 27. Re5 Kg8 28. g4 Rf8 29. Qxf6 gxf6 30. Re7 1-0


[Site "https://www.chess.com"]

[Event "Titled Tuesday Blitz August 31 2021"]
[White "Visakh N R"]
[Black "Ovezdurdyyeva, Jemal"]
[WhiteFideId "25012223"]
[BlackFideId "14001888"]
[WhiteElo "2428"]
[BlackElo "1946"]
[Result "1/2-1/2"]
[Round "07"]
[TimeControl "180+1"]
[Date "2021.08.31"]
[WhiteClock "0:01:56"]
[BlackClock "0:00:13"]

1. c4 Nf6 2. Nc3 g6 3. g3 Bg7 4. Bg2 d6 5. Nf3 O-O 6. O-O Nc6 7. Rb1 a5 8. a3 e5 9. d3 Re8 10. Bg5 h6 11. Bxf6 Bxf6 12. Nd2 Bg7 13. b4 axb4 14. axb4 e4 15. Nd5 exd3 16. exd3 Bf5 17. Ne4 Nd4 18. Re1 c6 19. Nef6+ Qxf6 20. Nxf6+ Bxf6 21. Qd2 Rxe1+ 22. Rxe1 Kg7 23. h4 Ra3 24. Re3 Nb3 25. Qe2 Ra1+ 26. Kh2 Nd4 27. Qd2 Nb3 28. Qe2 Nd4 29. Qd2 Nb3 1/2-1/2


[Site "https://www.chess.com"]

[Event "Titled Tuesday Blitz August 31 2021"]
[White "Vlassov, Nikolai"]
[Black "Stelmaszyk, Nico"]
[WhiteFideId "4103360"]
[BlackFideId "16200462"]
[WhiteElo "2407"]
[BlackElo "2119"]
[Result "1-0"]
[Round "07"]
[TimeControl "180+1"]
[Date "2021.08.31"]
[WhiteClock "0:01:14"]
[BlackClock "0:02:00"]

1. e4 e5 2. Bc4 Nf6 3. d3 c6 4. Nf3 Qc7 5. Nc3 Bb4 6. O-O d5 7. exd5 Bxc3 8. bxc3 cxd5 9. Bb5+ Bd7 10. Rb1 O-O 11. Re1 Re8 12. Bg5 Bxb5 13. Bxf6 gxf6 14. Rxb5 Qc6 15. Qb1 b6 16. Qb3 Rd8 17. Rb4 Na6 18. Rg4+ Kf8 19. Qa3+ Nc5 20. d4 e4 21. dxc5 exf3 22. cxb6+ Rd6 23. bxa7 Qd7 24. Ra4 fxg2 25. Ra6 1-0


[Site "https://www.chess.com"]

[Event "Titled Tuesday Blitz August 31 2021"]
[White "Wachinger, Guenther"]
[Black "Mekhitarian, Krikor Sevag"]
[WhiteFideId "4604261"]
[BlackFideId "2107660"]
[WhiteElo "2212"]
[BlackElo "2598"]
[Result "0-1"]
[Round "07"]
[TimeControl "180+1"]
[Date "2021.08.31"]
[WhiteClock "0:00:02"]
[BlackClock "0:00:03"]

1. e4 c5 2. Nf3 e6 3. d4 cxd4 4. Nxd4 a6 5. c4 Nc6 6. a3 Nf6 7. Nc3 d5 8. cxd5 exd5 9. exd5 Nxd5 10. Nxc6 bxc6 11. Bd3 Be7 12. O-O O-O 13. Qc2 g6 14. Bh6 Re8 15. Rad1 Be6 16. Be4 Bd6 17. Qd2 Rb8 18. Nxd5 Bxd5 19. Bxd5 cxd5 20. Qxd5 Bxh2+ 21. Kxh2 Qh4+ 22. Kg1 Qxh6 23. b4 Qf4 24. Qd6 Qg4 25. Qxa6 Re5 26. Rd3 Rbe8 27. Rg3 Qf4 28. Qd3 Re1 29. Rxe1 Rxe1+ 30. Kh2 Qh4+ 31. Rh3 Qxf2 32. Rf3 Qh4+ 33. Rh3 Qf4+ 34. Qg3 Qc1 35. Qb8+ Kg7 36. Rf3 Rh1+ 37. Kg3 Qg5+ 38. Kf2 Qd2+ 39. Kg3 Qe1+ 40. Kf4 Rh4+ 41. g4 Qd2+ 42. Kg3 Qh2# 0-1


[Site "https://www.chess.com"]

[Event "Titled Tuesday Blitz August 31 2021"]
[White "Wong, Yinn Long"]
[Black "Bilan, Danila"]
[WhiteFideId "5707684"]
[BlackFideId "24161918"]
[WhiteElo "2706"]
[BlackElo "2566"]
[Result "1-0"]
[Round "07"]
[TimeControl "180+1"]
[Date "2021.08.31"]
[WhiteClock "0:00:24"]
[BlackClock "0:00:05"]

1. e4 c6 2. d3 d5 3. Nf3 Bg4 4. h3 Bxf3 5. Qxf3 e6 6. g3 g6 7. Bg2 Bg7 8. O-O Nd7 9. Qe2 Ne7 10. Nd2 O-O 11. Nf3 dxe4 12. dxe4 e5 13. b3 Qc7 14. Ba3 Rfe8 15. Rad1 Rad8 16. Bd6 Qa5 17. a4 Nc8 18. Ba3 Nf8 19. Bb2 Ne6 20. h4 Nb6 21. Bh3 Nd4 22. Nxd4 exd4 23. Qf3 Qe5 24. Rfe1 c5 25. a5 Nd7 26. Bc1 Qf6 27. Qg2 h6 28. Bf4 Qc6 29. Bg4 Ne5 30. Bxe5 Bxe5 31. f4 Bg7 32. e5 Qxg2+ 33. Kxg2 Re7 34. Bf3 h5 35. Rd3 Kf8 36. Red1 Red7 37. Re1 Re7 38. Ra1 Rc7 39. Ra4 Ke7 40. Rc4 f6 41. exf6+ Bxf6 42. b4 b6 43. axb6 axb6 44. bxc5 bxc5 45. Ra3 Kf8 46. Ra6 Kg7 47. Ra5 Rdc8 48. Be4 Re7 49. Bd3 Rec7 50. Ra6 Re7 51. Rd6 Rec7 52. Re6 Rc6 53. Re1 R6c7 54. Kf3 Kf7 55. Ra1 Kg7 56. Rg1 Rc6 57. g4 hxg4+ 58. Rxg4 Be7 59. h5 Rf6 60. hxg6 Rcf8 61. f5 Bd6 62. Rh4 Rh8 63. Rxh8 Kxh8 64. Kg4 Kg7 65. Ra4 Rf8 66. Ra7+ Kf6 67. Rd7 Ke5 68. g7 Rg8 69. Bc4 1-0


[Site "https://www.chess.com"]

[Event "Titled Tuesday Blitz August 31 2021"]
[White "Xiong, Jeffery"]
[Black "Goltsev, Dmitry"]
[WhiteFideId "2047640"]
[BlackFideId "24176710"]
[WhiteElo "2724"]
[BlackElo "2369"]
[Result "1-0"]
[Round "07"]
[TimeControl "180+1"]
[Date "2021.08.31"]
[WhiteClock "0:00:17"]
[BlackClock "0:00:01"]

1. e4 e6 2. d4 d5 3. exd5 exd5 4. Nf3 Nf6 5. Bd3 Bd6 6. Qe2+ Qe7 7. Qxe7+ Bxe7 8. Bf4 c5 9. dxc5 Bxc5 10. Nc3 a6 11. O-O O-O 12. Be5 Nbd7 13. Bd4 b5 14. Rfe1 Bb7 15. a4 b4 16. Ne2 Ne4 17. a5 Rfe8 18. h3 Rac8 19. Red1 Bf8 20. Nf4 Bd6 21. Ne2 Bf8 22. Nc1 Ndc5 23. Be3 h6 24. Nd4 g6 25. Rb1 Bg7 26. Na2 f5 27. Nxb4 f4 28. Bxf4 Bxd4 29. Rf1 Nxf2 30. Rxf2 Bxf2+ 31. Kxf2 Rf8 32. Kg3 Ne4+ 33. Bxe4 dxe4 34. Bxh6 Rf5 35. Be3 Rxa5 36. Rd1 Rf5 37. Rd6 a5 38. Na2 Rxc2 39. Rxg6+ Kf7 40. Rb6 Bc8 41. Nc3 Re5 42. Kf4 Re6 43. Nxe4 Rxb6 44. Bxb6 Bd7 45. g4 a4 46. Bd4 Rc4 47. Ke5 Rb4 48. Bc3 Rb3 49. Nc5 Rxc3 50. bxc3 a3 51. Nb3 Kg6 52. c4 Kg5 53. Kd6 Be8 54. c5 Kh4 55. c6 Bf7 56. c7 Bxb3 57. c8=Q a2 58. Qh8+ Kg3 59. Qc3+ Kh4 60. Ke5 Bf7 61. Kf4 Bb3 62. Qg3# 1-0


[Site "https://www.chess.com"]

[Event "Titled Tuesday Blitz August 31 2021"]
[White "Yeletsky, Ivan"]
[Black "Harutjunyan, Gevorg"]
[WhiteFideId "24180327"]
[BlackFideId "13300873"]
[WhiteElo "2344"]
[BlackElo "2498"]
[Result "1/2-1/2"]
[Round "07"]
[TimeControl "180+1"]
[Date "2021.08.31"]
[WhiteClock "0:00:15"]
[BlackClock "0:00:11"]

1. d4 Nf6 2. Bg5 d5 3. e3 c5 4. Nd2 Nc6 5. c3 e5 6. dxe5 Nxe5 7. Ngf3 Nxf3+ 8. Nxf3 Be7 9. Be2 O-O 10. O-O Be6 11. Qb3 h6 12. Bf4 d4 13. Bc4 Bxc4 14. Qxc4 Qd5 15. Qd3 dxc3 16. Qxc3 Rfd8 17. Qc2 Qe4 18. Rac1 Qxc2 19. Rxc2 Nd5 20. a3 Nxf4 21. exf4 Bf6 22. g3 Rd5 23. Kg2 b5 24. b3 Rc8 25. Rfc1 Rd3 26. Nd2 Bd4 27. a4 a6 28. axb5 axb5 29. Ra2 Re8 30. Kf1 h5 31. h4 Rd8 32. Ne4 Rxb3 33. Nxc5 Rc3 34. Rxc3 Bxc3 35. Ra7 b4 36. Ne4 Rc8 37. Rb7 Rc4 38. Rb8+ Kh7 39. Nd6 Rc7 40. f5 Rd7 41. Ne4 f6 42. Nc5 Rd5 43. Ne4 Rxf5 44. Nxc3 bxc3 45. Rc8 Rf3 46. Ke2 Rf5 47. Rxc3 Re5+ 48. Kf3 Kg6 49. Rc7 Rf5+ 50. Kg2 Re5 51. Kf3 Rf5+ 52. Kg2 Re5 53. Kf3 1/2-1/2


[Site "https://www.chess.com"]